 Dungeon Crawl Stone Soup version 0.17-a0-1230-g8afc29e (webtiles) character file.

15605 MonkeyBuisness the Grappler (level 12, -2/122 HPs)
             Began as a Troll Berserker on June 5, 2015.
             Was a High Priest of Trog.
             Slain by a yak (3 damage)
             ... on level 12 of the Dungeon.
             The game lasted 00:41:45 (11795 turns).

MonkeyBuisness the Grappler (Troll Berserker)      Turns: 11795, Time: 00:41:45

Health: -2/122     AC:  8    Str: 32    XL:     12   Next: 2%
Magic:  11/11      EV: 12    Int:  3    God:    Trog [*****.]
Gold:   256        SH:  0    Dex:  9    Spells: 0 memorised, 11 levels left

rFire  . . .     SeeInvis .     l - 8 scrolls of remove curse
rCold  + . .     Clarity  .     P - +1 robe "Ygas" {rPois}
rNeg   . . .     SustAt   .     (no shield)
rPois  +         Gourm    +     (helmet restricted)
rElec  .         Spirit   .     Q - +1 cloak {rPois}
rCorr  +         Warding  .     (gloves unavailable)
rMut   .         Stasis   .     (boots unavailable)
MR     .....                    w - amulet of resist corrosion {rCorr, !d}
Stlth  +.........               (no ring)
                                k - ring of protection from cold {rC+, !d}

@: exhausted, slowed, very slow, not resistant to hostile enchantments, very
unstealthy
A: unfitting armour, claws 3, fast metabolism 3, gourmand, regeneration 2,
shaggy fur 1, tough skin 2
a: Burn Spellbooks, Berserk, Trog's Hand, Brothers in Arms, Renounce Religion


You were on level 12 of the Dungeon.
You worshipped Trog.
Trog was extremely pleased with you.
You were hungry.

You visited 1 branch of the dungeon, and saw 12 of its levels.
You also visited: Sewer.

You collected 700 gold pieces.
You spent 444 gold pieces at shops.

Inventory:

Armour
 P - the +1 robe "Ygas" (worn) {rPois}
   (You bought it in a shop on level 9 of the Dungeon)

   It protects you from poison.
 Q - a +1 cloak of poison resistance (worn)
   (You bought it in a shop on level 9 of the Dungeon)
Jewellery
 k - a ring of protection from cold (left claw) {rC+, !d}
   (You found it on level 2 of the Dungeon)
 w - an amulet of resist corrosion (around neck) {rCorr, !d}
   (You found it on level 3 of the Dungeon)
 L - a +2 ring of dexterity
   (You found it on level 7 of the Dungeon)
 M - an uncursed ring of sustain attributes
   (You found it on level 7 of the Dungeon)
Magical devices
 r - a wand of teleportation (4)
   (You took it off Terence on level 3 of the Dungeon)
 y - a wand of confusion (21)
   (You found it on level 10 of the Dungeon)
 J - a wand of cold (7)
   (You found it on level 7 of the Dungeon)
Scrolls
 c - 2 scrolls of fog {unknown}
 e - 5 scrolls of magic mapping {unknown}
 g - 10 scrolls of teleportation
 l - 8 scrolls of remove curse (in claw)
 n - a scroll of blinking {!r}
 o - a scroll of immolation {unknown}
 t - 3 scrolls of fear {unknown}
 u - 3 scrolls of enchant armour {unknown}
 v - 2 scrolls of recharging {unknown}
 x - 2 scrolls of amnesia {unknown}
 A - 2 scrolls of random uselessness {unknown}
 C - 2 scrolls of enchant weapon {unknown}
 D - a scroll of holy word {unknown}
 H - a scroll of noise {unknown}
Potions
 f - a potion of lignification {!q}
 h - a potion of ambrosia {!q}
 i - 3 potions of flight
 j - 2 potions of cancellation
 s - a potion of invisibility
 z - a potion of magic
 E - a potion of beneficial mutation {unknown}
 F - a potion of mutation {unknown}
 I - 3 potions of might {unknown}
 K - a potion of poison {unknown}
Books
 m - a book of the Dragon
   (You found it on level 12 of the Dungeon)
 G - a book of Enchantments
   (You found it on level 5 of the Dungeon)
Comestibles
 a - 2 beef jerkies
 b - 12 bread rations {@e1}
 d - 7 royal jellies
 q - 8 fruits
 B - 5 meat rations {@e2}


   Skills:
 + Level 8.7 Fighting
 + Level 8.6 Dodging
 * Level 13.9 Unarmed Combat


You had 11 spell levels left.
You didn't know any spells.

Dungeon Overview and Level Annotations

Branches:
Dungeon (12/15)            Temple (0/1) D:5            Lair (0/8) D:9
    Orc: D:9-12

Altars:
Cheibriados
Dithmenos
Elyvilon
Nemelex Xobeh
Okawaru
Sif Muna
Xom
The Shining One

Shops:
D:5 ?   D:8 *   D:9 [


Innate Abilities, Weirdness & Mutations

You are too large for most types of armour.
You have claws for hands.
Your metabolism is lightning-fast.
You like to eat raw meat.
You heal very quickly.
You are covered in fur (AC +1).
You have very tough skin (AC +2).


Message History

The orc wizard hits you but does no damage.
The orc wizard gestures wildly while chanting.
The orc wizard blinks!
You clumsily bash the orc wizard but do no damage.
The orc wizard hits you but does no damage. x2
You barely miss the orc wizard. You claw the orc wizard!
You kill the orc wizard!
Trog accepts your kill.
Trog appreciates your killing of a magic user.
No target in view!
No target in view!
Things that are here:
a dagger; a robe You see here a short sword.
A yak comes into view.
The yak bellows!
A yak is nearby!
A yak comes into view.
The yak bellows!
A yak comes into view.
The yak bellows!
The yak gores you but does no damage.
You clumsily bash the yak but do no damage.
The yak misses you.
Do you really want to go berserk while wielding your 8 scrolls of remove curse? [Y]es or [N]o only, please.
Do you really want to go berserk while wielding your 8 scrolls of remove curse? [Y]es or [N]o only, please.
Do you really want to go berserk while wielding your 8 scrolls of remove curse? [Y]es or [N]o only, please.
Do you really want to go berserk while wielding your 8 scrolls of remove curse? [Y]es or [N]o only, please.
Do you really want to go berserk while wielding your 8 scrolls of remove curse? [Y]es or [N]o only, please.
Do you really want to go berserk while wielding your 8 scrolls of remove curse? [Y]es or [N]o only, please.
Do you really want to go berserk while wielding your 8 scrolls of remove curse? [Y]es or [N]o only, please.
Do you really want to go berserk while wielding your 8 scrolls of remove curse?
Okay, then.
You clumsily bash the yak but do no damage.
The yak gores you.
You take 5 damage, and have 117/122 hp.
You clumsily bash the yak but do no damage.
You claw the yak. The yak gores you! The yak gores you!
You take 18 damage, and have 99/122 hp.
You clumsily bash the yak but do no damage.
The yak barely misses you. The yak gores you! The yak gores you!
The yak closely misses you. The yak gores you.
You take 22 damage, and have 77/122 hp.
Do you really want to go berserk while wielding your 8 scrolls of remove curse?
A red film seems to cover your vision as you go berserk!
You feel yourself moving faster!
You feel mighty!
You feel somewhat more hungry. The yak gores you but does no damage.
The yak completely misses you. The yak gores you but does no damage.
You now have 116/183 hp.
You clumsily bash the yak.
The yak closely misses you. The yak gores you!
The yak gores you but does no damage.
You take 11 damage, and have 105/183 hp.
You hit the yak! The yak closely misses you. The yak barely misses you.
The yak gores you!
You take 9 damage, and have 96/183 hp.
You clumsily bash the yak but do no damage.
The yak gores you! The yak closely misses you. The yak gores you!
You take 16 damage, and have 80/183 hp.
You barely miss the yak. The yak barely misses you. The yak gores you!
The yak gores you!
You take 23 damage, and have 57/183 hp.
The yak barely misses you.
You feel a strong urge to attack something.
You are no longer berserk.
You are exhausted.
You feel yourself slow down.
You are feeling hungry.
You now have 39/122 hp.
Unknown command.
You regained 2 hp, and now have 41/122 hp.
You clumsily bash the yak but do no damage.
The yak misses you. The yak gores you but does no damage. The yak gores you.
The yak gores you!
* * * LOW HITPOINT WARNING * * *
You take 9 damage, and have 33/122 hp.
You clumsily bash the yak but do no damage.
The yak gores you.
* * * LOW HITPOINT WARNING * * *
The yak completely misses you. The yak closely misses you. The yak gores you!
* * * LOW HITPOINT WARNING * * *
You take 16 damage, and have 17/122 hp.
You clumsily bash the yak but do no damage.
You claw the yak! The yak gores you!
* * * LOW HITPOINT WARNING * * *
The yak gores you but does no damage. x2
The yak gores you.
* * * LOW HITPOINT WARNING * * *
The yak barely misses you. The yak misses you. The yak barely misses you.
You take 12 damage, and have 5/122 hp.
You feel better. The yak gores you!
* * * LOW HITPOINT WARNING * * *
The yak gores you.
You die...

##..................##
####..##
####.............###
#### ###............##
###..)).........##
#...))......)...#
....######.....##
##### ##...).#########
# ##.....Y......###
#....@Y........#
##...Y#######...#
###### ..# .
##############
.............##
..............##
########.......##


You could see 3 yaks.

Vanquished Creatures
  Harold (D:11)
  Erica (D:9)
  Erolcha (D:9)
  The ghost of MonkeyBuisness the Grappler, an experienced TrBe of Trog (D:7)
  A hill giant (D:11)
  Pikel (D:9)
  An ugly thing (D:11)
  The ghost of Herrn the Shield-Bearer, an experienced FoFi (D:6)
  Psyche (D:9)
  A centaur skeleton (D:12)
  A gargoyle (D:10)
  A fire drake (D:9)
  A troll (D:10)
  A queen bee (D:12)
  Prince Ribbit (D:7)
  A spriggan (D:7)
  A deep elf mage (D:11)
  A hungry ghost (D:11)
  A fire bat (shapeshifter) (D:11)
  A hippogriff (D:9)
  2 wyverns (D:9)
  10 yaks
  The ghost of elenap21 the Charmwright, an average SpSk (D:4)
  2 necrophages
  2 eyes of draining
  6 ice beasts
  9 ogres
  2 black bears (D:10)
  A sky beast (D:8)
  2 phantoms
  A crocodile (D:12)
  An orc warrior (D:4)
  7 giant frogs
  11 centaurs
  A wyvern zombie (D:6)
  A scorpion (D:5)
  8 wights
  27 killer bees
  A quasit (D:6)
  8 crimson imps
  A jelly (D:12)
  2 orc priests (D:12)
  7 hounds
  9 worker ants
  A giant frog skeleton (D:8)
  3 orc wizards
  Terence (D:3)
  Natasha (twice) (D:2)
  5 iguanas
  A merfolk avatar (Sewer)
  2 sirens (Sewer)
  A killer bee zombie (D:9)
  2 hound skeletons
  A hound zombie (D:8)
  14 adders
  2 river rats (Sewer)
  A worker ant zombie (D:11)
  4 gnolls
  2 shadow imps
  2 adder skeletons (D:6)
  2 worms
  12 giant geckos
  29 orcs
  3 bat skeletons
  7 giant cockroaches
  14 hobgoblins
  12 jackals
  13 kobolds
  2 ball pythons (Sewer)
  18 bats
  12 giant newts
  11 goblins
  6 quokkas
  33 rats
  A bush (D:7)
361 creatures vanquished.

Vanquished Creatures (others)
  5 drowned souls (Sewer)
5 creatures vanquished.

Grand Total: 366 creatures vanquished

Notes
Turn   | Place    | Note
--------------------------------------------------------------
     0 | D:1      | MonkeyBuisness the Troll Berserker began the quest for the Orb.
     0 | D:1      | Reached XP level 1. HP: 22/22 MP: 0/0
   284 | D:1      | Reached XP level 2. HP: 17/29 MP: 1/1
  1292 | D:2      | Reached XP level 3. HP: 36/36 MP: 2/2
  1381 | D:2      | Acquired Trog's second power
  1381 | D:2      | Reached skill level 4 in Unarmed Combat
  1421 | D:2      | Noticed Natasha
  1431 | D:2      | Killed Natasha
  1431 | D:2      | Reached XP level 4. HP: 44/44 MP: 3/3
  1524 | D:2      | Noticed Natasha
  1530 | D:2      | Killed Natasha
  1937 | D:3      | Found a glowing golden altar of the Shining One.
  2028 | D:3      | Reached skill level 3 in Dodging
  2157 | D:3      | Reached skill level 3 in Fighting
  2398 | D:3      | Reached XP level 5. HP: 48/53 MP: 4/4
  2427 | D:3      | Noticed Terence
  2428 | D:3      | Found a sparkling altar of Nemelex Xobeh.
  2435 | D:3      | Killed Terence
  2518 | D:4      | Noticed an orc warrior
  2527 | D:4      | Reached skill level 5 in Unarmed Combat
  2532 | D:4      | Killed an orc warrior
  2532 | D:4      | Reached XP level 6. HP: 61/61 MP: 5/5
  2573 | D:4      | Noticed elenap21's ghost (average SpSk)
  2580 | D:4      | Killed elenap21's ghost
  3261 | D:4      | HP: 15/62 [poisoned by a worker ant]
  3360 | D:4      | Reached skill level 4 in Fighting
  3360 | D:4      | Reached skill level 4 in Dodging
  3360 | D:4      | Reached skill level 6 in Unarmed Combat
  3360 | D:4      | Reached XP level 7. HP: 55/70 MP: 6/6
  3559 | D:5      | Entered Level 5 of the Dungeon
  3621 | D:5      | Found Haew's Magic Scroll Boutique.
  3626 | D:5      | Reached skill level 7 in Unarmed Combat
  3628 | D:5      | Acquired Trog's third power
  3635 | D:5      | Reached XP level 8. HP: 47/77 MP: 7/7
  3642 | D:5      | Bought a scroll of identify for 28 gold pieces
  3642 | D:5      | Bought a scroll of identify for 28 gold pieces
  3642 | D:5      | Bought a scroll of identify for 28 gold pieces
  3642 | D:5      | Bought a scroll of identify for 28 gold pieces
  3642 | D:5      | Bought a scroll of identify for 28 gold pieces
  3779 | D:5      | Found a glowing drain.
  3806 | Sewer    | Entered a sewer
  4049 | Sewer    | Noticed a drowned soul
  4049 | Sewer    | Noticed a drowned soul
  4049 | Sewer    | Noticed a drowned soul
  4051 | Sewer    | Noticed a drowned soul
  4051 | Sewer    | Noticed a drowned soul
  4051 | Sewer    | Killed a drowned soul
  4051 | Sewer    | Killed a drowned soul
  4052 | Sewer    | Killed a drowned soul
  4054 | Sewer    | Noticed a drowned soul
  4054 | Sewer    | Killed a drowned soul
  4057 | Sewer    | Noticed a drowned soul
  4057 | Sewer    | Noticed a drowned soul
  4058 | Sewer    | Noticed a drowned soul
  4059 | Sewer    | Killed a drowned soul
  4061 | Sewer    | Noticed a drowned soul
  4063 | Sewer    | Noticed a drowned soul
  4465 | D:5      | Found a staircase to the Ecumenical Temple.
  4766 | D:6      | Noticed Herrn's ghost (experienced FoFi)
  4777 | D:6      | Killed Herrn's ghost
  4777 | D:6      | Reached skill level 5 in Fighting
  4777 | D:6      | Reached skill level 5 in Dodging
  4777 | D:6      | Reached skill level 8 in Unarmed Combat
  5136 | D:6      | Reached XP level 9. HP: 82/86 MP: 8/8
  5141 | D:6      | Received a gift from Trog
  5160 | D:6      | Reached skill level 9 in Unarmed Combat
  5166 | D:6      | Found an iron altar of Okawaru.
  5451 | D:7      | Found a shadowy altar of Dithmenos.
  5459 | D:7      | Noticed MonkeyBuisness's ghost (experienced TrBe)
  5480 | D:7      | Killed MonkeyBuisness's ghost
  5480 | D:7      | Reached skill level 6 in Fighting
  5480 | D:7      | Reached skill level 6 in Dodging
  5548 | D:7      | Reached skill level 10 in Unarmed Combat
  5991 | D:7      | Noticed Prince Ribbit
  6001 | D:7      | Killed Prince Ribbit
  6260 | D:8      | Found a white marble altar of Elyvilon.
  6285 | D:8      | Received a gift from Trog
  6285 | D:8      | Reached XP level 10. HP: 72/98 MP: 9/9
  6322 | D:8      | HP: 19/98 [wight/great sword (13)]
  6453 | D:8      | Found Evusyora's Assorted Antiques.
  6600 | D:8      | Found a snail-covered altar of Cheibriados.
  6991 | D:8      | Reached skill level 11 in Unarmed Combat
  7336 | D:8      | Found a sparkling altar of Nemelex Xobeh.
  7453 | D:9      | Found a shimmering altar of Xom.
  7589 | D:9      | Noticed Erolcha
  7598 | D:9      | Killed Erolcha
  7598 | D:9      | Reached skill level 7 in Fighting
  7598 | D:9      | Reached skill level 7 in Dodging
  7694 | D:9      | Noticed Pikel
  7703 | D:9      | Killed Pikel
  7741 | D:9      | Noticed Erica
  7751 | D:9      | Killed Erica
  7751 | D:9      | Reached skill level 12 in Unarmed Combat
  7771 | D:9      | HP: 23/100 [phantom (5)]
  8105 | D:9      | Found Zaolujeh's Armour Shoppe.
  8114 | D:9      | Bought the +1 robe "Ygas" {rPois} for 169 gold pieces
  8114 | D:9      | Bought a +1 cloak of poison resistance for 135 gold pieces
  8227 | D:9      | Found a staircase to the Lair.
  8413 | D:9      | Reached XP level 11. HP: 107/107 MP: 10/10
  8452 | D:9      | Noticed Psyche
  8463 | D:9      | Killed Psyche
  8538 | D:9      | Found a deep blue altar of Sif Muna.
  8656 | D:10     | Entered Level 10 of the Dungeon
  9819 | D:11     | Noticed a hill giant
  9831 | D:11     | Killed a hill giant
  9831 | D:11     | Reached skill level 8 in Fighting
  9841 | D:11     | HP: 27/109 [centaur/arrow of frost (13)]
  9841 | D:11     | HP: 11/109 [centaur/arrow of frost (14)]
  9848 | D:11     | HP: 13/111 [centaur (2)]
  9853 | D:11     | HP: 12/111 [centaur (6)]
  9858 | D:11     | HP: 10/111 [centaur (1)]
  9863 | D:11     | HP: 10/111 [centaur (4)]
  9874 | D:11     | HP: 27/111 [yak (9)]
  9877 | D:11     | Reached skill level 8 in Dodging
  9879 | D:11     | HP: 22/111 [yak (8)]
 10086 | D:11     | Reached skill level 13 in Unarmed Combat
 10293 | D:11     | Noticed Harold
 10321 | D:11     | Killed Harold
 11016 | D:12     | Received a gift from Trog
 11033 | D:12     | Got a dazzling giant club {god gift}
 11302 | D:12     | Reached XP level 12. HP: 106/118 MP: 11/11
 11613 | D:12     | Oper80: you die
 11623 | D:12     | HP: 24/118 [crocodile (10)]
 11626 | D:12     | Oper80: lol
 11628 | D:12     | HP: 7/122 [crocodile (8)]
 11631 | D:12     | Oper80: invise
 11793 | D:12     | HP: 17/122 [yak (17)]
 11794 | D:12     | HP: 5/122 [yak (6)]
 11795 | D:12     | Oper80: die
 11795 | D:12     | HP: 1/122 [yak (14)]
 11795 | D:12     | Slain by a yak

Vault maps used:
D:1:      roderic_crop_circles_arrival_small
D:2:      st_stairs_10, uniq_natasha
D:3:      tso_metal_star, lemuel_coloured_pillars_altar,
          guppyfry_early_orc_mine, uniq_terence
D:4:      first_bread
D:5:      temple_doors_e, portal_sewer_entry_f, serial_shops, nicolae_shop_trees
D:6:      lemuel_crystal_altar, serial_aquarium, aquarium_bridge_square,
          aquarium_window_corridor_3, aquarium_window_1, aquarium_view_2g,
          aquarium_view_2d
D:7:      the_bakery, kb_lookout_dungeons_type, grunt_dithmenos_smoke,
          uniq_prince_ribbit1
D:8:      elyvilon_altar_3, kennysheep_mini, basic_altar, serial_shops,
          kennysheep_mini_moat, serial_corexii_hall, corexii_hall_statues_u,
          corexii_hall_statues_x
D:9:      nicolae_overflow_crystal_walls, lemuel_blue_sif_altar,
          minmay_lair_entry_lava, serial_shops, nicolae_shop_statue_plus,
          uniq_psyche, uniq_erica, uniq_pikel, uniq_erolcha
D:11:     minivault_16, uniq_harold
D:12:     hiddenorc2_lemuel, minivault_7
Sewer:    sewer_sea

Action                   |  1- 3 |  4- 6 |  7- 9 | 10-12 || total
-------------------------+-------+-------+-------+-------++-------
Melee: Unarmed           |    75 |   167 |   347 |   439 ||  1028
Invok: Berserk           |     1 |     2 |     5 |    16 ||    24
       Burn Spellbooks   |       |       |     1 |     2 ||     3
  Use: Scroll            |       |       |    11 |     6 ||    17
       Potion            |       |       |     1 |    13 ||    14
 Stab: Sleeping          |       |       |     1 |       ||     1
       Invisible         |       |       |       |     1 ||     1
  Eat: Chunk             |    15 |    23 |    33 |    58 ||   129
       Fruit             |       |       |       |     3 ||     3
       Bread ration      |       |       |       |     1 ||     1

Vault maps used:
D:1:      roderic_crop_circles_arrival_small
D:2:      st_stairs_10, uniq_natasha
D:3:      tso_metal_star, lemuel_coloured_pillars_altar,
          guppyfry_early_orc_mine, uniq_terence
D:4:      first_bread
D:5:      temple_doors_e, portal_sewer_entry_f, serial_shops, nicolae_shop_trees
D:6:      lemuel_crystal_altar, serial_aquarium, aquarium_bridge_square,
          aquarium_window_corridor_3, aquarium_window_1, aquarium_view_2g,
          aquarium_view_2d
D:7:      the_bakery, kb_lookout_dungeons_type, grunt_dithmenos_smoke,
          uniq_prince_ribbit1
D:8:      elyvilon_altar_3, kennysheep_mini, basic_altar, serial_shops,
          kennysheep_mini_moat, serial_corexii_hall, corexii_hall_statues_u,
          corexii_hall_statues_x
D:9:      nicolae_overflow_crystal_walls, lemuel_blue_sif_altar,
          minmay_lair_entry_lava, serial_shops, nicolae_shop_statue_plus,
          uniq_psyche, uniq_erica, uniq_pikel, uniq_erolcha
D:11:     minivault_16, uniq_harold
D:12:     hiddenorc2_lemuel, minivault_7
Sewer:    sewer_sea

Table legend:
 A = Turns spent in this place as a percentage of turns spent in the entire game.
 B = Non-inter-level travel turns spent in this place as a percentage of non-inter-level travel turns spent in the entire game.
 C = Inter-level travel turns spent in this place as a percentage of turns spent in this place.
 D = Turns resting spent in this place as a percentage of non-inter-level travel turns spent in this place.
 E = Turns spent auto-exploring this place as a percentage of non-inter-level travel turns spent in this place.
 F = Non-inter-level travel turns spent in this place divided by the number of levels of this place that you've seen.
                   A       B       C       D       E      F
               +-------+-------+-------+-------+-------+----------------------
         Total | 100.0 | 100.0 |   0.5 |   3.3 |   9.4 | 279.5
       Dungeon |  91.0 |  90.9 |   0.5 |   3.5 |   9.7 | 275.2
         Sewer |   9.0 |   9.1 |   0.0 |   2.1 |   6.7 | 330.0
               +-------+-------+-------+-------+-------+----------------------

Table legend:
 A = Kills in this place as a percentage of kills in entire the game.
 B = Kills by you in this place as a percentage of kills by you in the entire game.
 C = Kills by friends in this place as a percentage of kills by friends in the entire game.
 D = Other kills in this place as a percentage of other kills in the entire game.
 E = Experience gained in this place as a percentage of experience gained in the entire game.
 F = Experience gained in this place divided by the number of levels of this place that you have seen.
                   A       B       C       D       E      F
               +-------+-------+-------+-------+-------+----------------------
         Total | 100.0 | 100.0 |  -nan |  -nan | 100.0 | 1714.9
       Dungeon |  89.4 |  89.4 |  -nan |  -nan |  99.2 | 1842.9
         Sewer |  10.6 |  10.6 |  -nan |  -nan |   0.8 | 179.0
               +-------+-------+-------+-------+-------+----------------------
